 Dungeon Crawl Stone Soup version 0.25-a0-829-g4e6a552925 (webtiles) character file.

Game seed: 6126435586138300529, levelgen mode: deterministic

524 kae the Conjurer (level 7, 0/54 HPs)
             Began as a Tengu Air Elementalist on Apr 21, 2020.
             Slain by a centaur skeleton (3 damage)
             ... on level 5 of the Dungeon.
             The game lasted 00:03:23 (3696 turns).

kae the Conjurer (Tengu Air Elementalist)           Turns: 3696, Time: 00:03:24

Health: 0/54       AC: 23    Str:  8    XL:     7   Next: 22%
Magic:  0/13       EV:  2    Int: 18    God:
Gold:   216        SH:  0    Dex: 14    Spells: 0/13 levels left

rFire    . . .     SeeInvis .   g - +2 dagger (venom)
rCold    . . .     Gourm    .   (no shield)
rNeg     + + +     Faith    .   (armour currently unavailable)
rPois    +         Spirit   .   (helmet currently unavailable)
rElec    .         Reflect  .   (cloak currently unavailable)
rCorr    .         Harm     .   (gloves currently unavailable)
MR       .....     NoTele   +   (boots unavailable)
Stlth    ++........             (no amulet)
HPRegen  0.18/turn              i - ring of flight
MPRegen  0.13/turn              (no ring)

@: tree-form
A: able to fly
a: Fly


You were on level 5 of the Dungeon.
You were hungry.
You were a tree.
You visited 1 branch of the dungeon, and saw 5 of its levels.

You collected 216 gold pieces.

Inventory:

Hand Weapons
 d - a +0 whip
 g - a +2 dagger of venom (weapon)
Armour
 a - a +1 robe (melded)
Jewellery
 h - a +4 ring of slaying {unknown}
 i - a ring of flight (left branch)
Scrolls
 e - 2 scrolls of remove curse
 j - a scroll of teleportation {unknown}
Potions
 b - 3 potions of mutation
 f - a potion of cancellation
 k - a potion of haste
 n - a potion of stabbing
Comestibles
 c - 4 rations


   Skills:
 - Level 2.1 Dodging
 - Level 2.0 Stealth
 + Level 3.8 Spellcasting
 * Level 6.9 Conjurations
 + Level 6.3 Air Magic


You couldn't memorise any spells.
You knew the following spells:

 Your Spells              Type           Power        Failure   Level  Hunger
a - Shock                 Conj/Air       ####         1%          1    None
b - Static Discharge      Conj/Air       ####....     3%          3    ###....
c - Airstrike             Air            ####......   11%         4    ####...
d - Lightning Bolt        Conj/Air       ####......   26%         5    ######.

Your spell library contained the following spells:

 Spells                   Type           Power        Failure   Level  Hunger
 Swiftness                Chrm/Air       ##......     6%          2    ##.....


Dungeon Overview and Level Annotations

Branches:
Dungeon (5/15)
 Temple: D:4-7

Altars:
Dithmenos
Kikubaaqudgha
Nemelex Xobeh
Uskayaw


Innate Abilities, Weirdness & Mutations

((You have a beak for a mouth.))
((You have claws for feet.))
You can fly continuously.


Message History

The centaur skeleton is moderately damaged.
The centaur skeleton barely misses you.
Casting: Shock (safe; 1% risk of failure)
Confirm with . or Enter, or press ? or * to list all spells.
Aiming: Shock (safe; 1% risk of failure)
Press: ? - help, Shift-Dir - straight line, f/p - centaur skeleton
Aim: a centaur skeleton (moderately damaged)
The zap hits the centaur skeleton!
The centaur skeleton is heavily damaged.
The centaur skeleton closely misses you.
Casting: Shock (safe; 1% risk of failure)
Confirm with . or Enter, or press ? or * to list all spells.
You don't have enough magic to cast that spell.
Casting: Shock (safe; 1% risk of failure)
Confirm with . or Enter, or press ? or * to list all spells.
You don't have enough magic to cast that spell.
It was a potion of lignification.
You turn into a tree.
Your +1 robe melds into your body.
Your roots penetrate the ground.
The centaur skeleton hits you.
You die...

##........#.# #.#.. .#
#.... #.##.#..##.###.#.#
####....
#.##.#.........#.#
#......
.....##.##.#####.#
#...... #..##.##.# #^#
##._8_.. #..##.##.# #.#
#..._...
#..##.##.#####.###.......
#.. #....................
####♣####............ #Z#
#............ #.#
############# #.# #.# ...
... ...


You could see a centaur skeleton.

Vanquished Creatures
  A water moccasin zombie (D:5)
  2 howler monkeys (D:4)
  A crimson imp (D:4)
  3 orc wizards (D:4)
  A bullfrog skeleton (D:4)
  3 iguanas (D:4)
  A worker ant (D:4)
  A hound skeleton (D:4)
  3 gnolls (D:4)
  4 adders
  2 worms
  3 dart slugs (D:1)
  3 leopard geckos
  3 orcs
  2 ball pythons (D:3)
  2 bats (D:3)
  A giant cockroach (D:1)
  3 goblins
  7 hobgoblins
  2 quokkas
  6 frilled lizards
  A jackal skeleton (D:4)
  4 kobolds
  A leopard gecko skeleton (D:4)
  5 rats
65 creatures vanquished.

Notes
Turn   | Place    | Note
-------+----------+-------------------------------------------
     0 | D:1      | kae the Tengu Air Elementalist began the quest for the Orb.
     0 | D:1      | Reached XP level 1. HP: 10/10 MP: 4/4
     0 | D:1      | Noticed a human
     0 | D:1      | Noticed an elf
     1 | D:1      | Noticed a minotaur
     5 | D:1      | Noticed a human
     6 | D:1      | Noticed a minotaur
     7 | D:1      | Noticed an elf
     8 | D:1      | Noticed a draconian
    10 | D:1      | Noticed a troll
    10 | D:1      | Noticed a spriggan
    12 | D:1      | Noticed an ogre
    13 | D:1      | Noticed a vampire
    14 | D:1      | Noticed a ghoul
    16 | D:1      | Noticed an elf
    16 | D:1      | Noticed a dwarf
    18 | D:1      | Noticed a ghoul
    18 | D:1      | Noticed a draconian
    20 | D:1      | Noticed an ogre
   191 | D:1      | Reached XP level 2. HP: 13/15 MP: 0/6
   870 | D:2      | Found a sparkling altar of Nemelex Xobeh.
   904 | D:2      | Reached XP level 3. HP: 18/19 MP: 4/7
  1723 | D:3      | Reached XP level 4. HP: 18/24 MP: 0/8
  2211 | D:4      | Reached skill level 5 in Air Magic
  2211 | D:4      | Gained mutation: You can fly continuously. [Tengu growth]
  2211 | D:4      | Reached XP level 5. HP: 25/28 MP: 6/10
  2489 | D:4      | Reached skill level 5 in Conjurations
  2554 | D:4      | Reached XP level 6. HP: 26/32 MP: 6/11
  3282 | D:4      | Reached XP level 7. HP: 36/36 MP: 5/13
  3342 | D:4      | Learned a level 3 spell: Static Discharge
  3347 | D:4      | Learned a level 4 spell: Airstrike
  3353 | D:4      | Learned a level 5 spell: Lightning Bolt
  3517 | D:5      | Entered Level 5 of the Dungeon
  3652 | D:5      | Found a shadowy altar of Dithmenos.
  3653 | D:5      | Found a hide-covered altar of Uskayaw.
  3654 | D:5      | Found an ancient bone altar of Kikubaaqudgha.
  3693 | D:5      | HP: 1/36 [centaur skeleton (8)]
  3696 | D:5      | Slain by a centaur skeleton

Levels and vault maps discovered:
D:1:      shiori_arrival_whats_in_store_for_you, layout_basic
D:2:      wander_river, layout_basic, lemuel_doored_altar, serial_glass,
          glass_columns_a, glass_columns_a
D:3:      layout_basic
D:4:      layout_loops_ring
D:5:      layout_basic, chequers_temple_overflow_statue_of_worship, first_ration

Skill      XL: |  1  2  3  4  5  6 |
---------------+-------------------+-----
Conjurations   | 2 3 4 5 6 |  6.9
Air Magic      | 5 6 |  6.3
Spellcasting   | 3 |  3.8
Dodging        | |  2.1
Stealth        | |  2.0

Action                   |  1- 3 |  4- 6 |  7- 9 || total
-------------------------+-------+-------+-------++-------
Melee: Whip              |     7 |       |       ||     7
       Unarmed           |     2 |       |       ||     2
       Peck              |     6 |     4 |       ||    10
       Dagger            |    15 |    26 |     5 ||    46
       Kick              |     5 |     4 |     2 ||    11
 Cast: Shock             |    67 |    81 |    24 ||   172
  Use: Scroll            |     7 |     5 |       ||    12
       Potion            |       |       |     1 ||     1
 Stab: Sleeping          |     1 |       |       ||     1
  Eat: Chunk             |     3 |     5 |     1 ||     9
Armor: Robe              |     6 |     8 |       ||    14
Dodge: Dodged            |    23 |    29 |    13 ||    65

Table legend:
 A = Non-vault XP
 B = Vault XP
 C = Vault XP percentage of total XP
 D = Non-vault monster count
 E = Vault monster count
 F = Vault count percentage of total count
                 A         B        C        D         E       F
            +---------+---------+-------+---------+---------+-------
      Total |     749 |       0 |   0.0 |      65 |       0 |   0.0
            +---------+---------+-------+---------+---------+-------
        D:1 |      29 |       0 |   0.0 |      14 |       0 |   0.0
        D:2 |      12 |       0 |   0.0 |       5 |       0 |   0.0
        D:3 |      61 |       0 |   0.0 |      20 |       0 |   0.0
        D:4 |     555 |       0 |   0.0 |      24 |       0 |   0.0
        D:5 |      92 |       0 |   0.0 |       2 |       0 |   0.0
            +---------+---------+-------+---------+---------+-------
